 Dungeon Sprint DCSS version 0.30.1-4-g462c640d31 (webtiles) character file.

Game seed: 7397585088285196896

110 Heoruswealwe the Digger (level 4, 24/24 HPs)
             Began as a Deep Elf Earth Elementalist on Aug 30, 2023.
             Got out of the dungeon alive.
             The game lasted 00:01:08 (52 turns).

Heoruswealwe the Digger (Deep Elf Earth Elementalist) Turns: 52, Time: 00:01:08

Health: 24/24      AC:  7    Str:  5    XL:     4   Next: 61%
Magic:  10/14      EV: 21    Int: 22    God:
Gold:   0          SH:  0    Dex: 15    Spells: 14/15 levels left

rFire   + + .        i - melded +0 club
rCold   + + .        (shield currently unavailable)
rNeg    + + +        a - melded +0 robe
rPois   ∞            (helmet currently unavailable)
rElec   +            (cloak currently unavailable)
rCorr   +            (gloves currently unavailable)
SInv    .            (boots currently unavailable)
Will    .....        (amulet currently unavailable)
Stlth   +++          (ring currently unavailable)
HPRegen 0.24/turn    (ring currently unavailable)
MPRegen 0.14/turn

%: no teleportation
@: wisp-form, on berserk cooldown, flying, hasted and slowed
A: insubstantial, flying, no casting, tiny
a: no special abilities


You escaped.
You were an insubstantial wisp.
You visited 1 branch

Inventory:

Hand Weapons
 i - a +0 club (melded)
Armour
 a - a +0 robe (melded)
Wands
 h - a wand of polymorph (7)
Scrolls
 g - a scroll of blinking
Potions
 b - 3 potions of magic
 c - a potion of curing
 d - a potion of heal wounds


   Skills:
 + Level 4.5 Dodging
 + Level 4.2 Stealth
 + Level 1.7 Unarmed Combat
 + Level 6.1 Spellcasting
 + Level 1.4 Transmutations
 + Level 7.9 Earth Magic


You had 14 spell levels left.
You knew the following spells:

 Your Spells              Type           Power      Damage    Failure   Level
a - Sandblast             Erth           82%        2d17      1%          1

Your spell library contained the following spells:

 Spells                   Type           Power      Damage    Failure   Level
 Passwall                 Tmut/Erth      22%        N/A       1%          2
 Stone Arrow              Conj/Erth      48%        3d10      5%          3
 Petrify                  Tmut/Erth      27%        N/A       13%         4


Dungeon Overview and Level Annotations

Branches:
Dungeon (1/1)

Altars:


Message History

You feel a strong urge to attack something.
An ogre comes into view. It is wielding a +0 giant club.
The ogre shouts!
There is an open door here.
You touch the ogre.
The ogre is lightly wounded.
You touch the ogre.
The ogre is moderately wounded.
The ogre barely misses you.
You touch the ogre.
The ogre is moderately wounded.
You touch the ogre!
The ogre is severely wounded.
The ogre misses you.
You touch the ogre.
The ogre is almost dead.
You touch the ogre.
You kill the ogre!
Your Dodging skill increases to level 4!
Your Stealth skill increases to level 4!
Your Unarmed Combat skill increases to level 1!
Your Spellcasting skill gained 2 levels and is now at level 6!
Your Earth Magic skill gained 2 levels and is now at level 7!
You have reached level 3!
Your experience leads to an increase in your attributes!
Increase (S)trength, (I)ntelligence, or (D)exterity?
You feel clever. x2
You have reached level 4!
You feel clever.
Unknown command.
You feel a strong urge to attack something.
You are no longer berserk.
You are exhausted.
You feel yourself slow down.
There is an open door, spattered with blood here.
Things that are here:
a +0 leather armour; the goblin corpse of Ijyb
There is a staircase leading out of the dungeon here.
Are you sure you want to leave the Dungeon?
This will make you lose the game!
You have escaped!

##########
#v.#..').#
#..[..#..+
#..#####+#
#..# #..#
#..# #⌠⌠#
####


There were no monsters in sight!

Vanquished Creatures
  An ogre (D)
  Ijyb (D)
2 creatures vanquished.

Notes
Turn   | Place    | Note
-------+----------+-------------------------------------------
     0 | D        | Heoruswealwe the Deep Elf Earth Elementalist began the
                  | quest for the Orb.
     0 | D        | Reached XP level 1. HP: 10/10 MP: 6/6
     1 | D        | Noticed Ijyb
     8 | D        | Killed Ijyb
     9 | D        | Reached skill level 5 in Earth Magic
     9 | D        | Reached XP level 2. HP: 15/15 MP: 7/9
    38 | D        | Noticed an ogre
    45 | D        | Killed an ogre
    46 | D        | Reached skill level 1 in Unarmed Combat
    46 | D        | Reached skill level 7 in Earth Magic
    46 | D        | Reached XP level 3. HP: 19/19 MP: 9/12
    46 | D        | Reached XP level 4. HP: 24/24 MP: 10/14
    52 | D        | Got out of the dungeon alive.

Illustrated notes

Levels and vault maps discovered:
D:        dungeon_sprint_1 [red_sonja_temple_1, red_sonja_temple_small_1]

Skill      XL: |  1  2 |
---------------+-------+-----
Dodging        | 3 4 |  4.5
Stealth        | 3 4 |  4.2
Spellcasting   | 4 6 |  6.1
Earth Magic    | 5 7 |  7.9
Unarmed Combat | 1 |  1.7
Transmutations | |  1.4

Action                     |  1- 3 |  4- 6 || total
---------------------------+-------+-------++-------
  Melee: Unarmed           |    11 |       ||    11
  Evoke: Wand              |     1 |       ||     1
    Use: Potion            |     2 |       ||     2
 Armour: Skin              |     2 |       ||     2
  Dodge: Dodged            |     2 |       ||     2
